 Dungeon Crawl Stone Soup version 0.31-a0-237-g2d982f9f85 (webtiles) character file.

Game seed: 15518533114705703508

68670 qw the Marksminotaur (level 14, -6/137 HPs)
             Began as a Minotaur Hexslinger on July 11, 2023.
             Was a High Priest of Okawaru.
             Mangled by a skeletal warrior
             ... wielding a +0 trident
              (14 damage)
             ... on level 13 of the Dungeon.
             The game lasted 00:09:34 (18332 turns).

qw the Marksminotaur (Minotaur Hexslinger)         Turns: 18332, Time: 00:09:34

Health: -6/137     AC: 21    Str: 19    XL:     14   Next: 87%
Magic:  20/20      EV: 29    Int:  9    God:    Okawaru [*****.]
Gold:   1415       SH:  0    Dex: 27    Spells: 14/15 levels left

rFire   x . .        Y - +0 orcbow
rCold   + . .        (shield currently unavailable)
rNeg    + . .        g - +3 ring mail of Cynicism {rPois rF- Will++ SInv}
rPois   +            (helmet restricted)
rElec   +            k - +3 cloak of Vofrum Vogg {rC+ rN+ rCorr Stlth-}
rCorr   +            e - +2 pair of gloves
SInv    +            n - +0 pair of boots
Will    +++..        d - amulet of the Ancients {Rampage rElec Regen+}
Stlth   ++           h - +6 ring of dexterity
HPRegen 1.22/turn    f - ring "Isiudis" {rCorr Dex+6}
MPRegen 0.17/turn

%: rampage
@: about to teleport, heroic
A: horns 2, retaliatory headbutt, strong 1
a: Renounce Religion, Heroism, Finesse, Duel


You were on level 13 of the Dungeon.
You worshipped Okawaru.
Okawaru was extremely pleased with you.
You visited 3 branches of the dungeon, and saw 19 of its levels.

You collected 1415 gold pieces.


Innate Abilities, Weirdness & Mutations

You have a pair of horns on your head.
You reflexively headbutt those who attack you in melee.
Your muscles are strong. (Str +4, Int/Dex -1)


   Skills:
 + Level 16.0(21.0) Fighting
 - Level 16.0(21.0) Ranged Weapons
 - Level 10.0(15.0) Armour
 - Level 14.0(19.0) Dodging
 - Level 1.0 Spellcasting
 - Level 2.0 Hexes
 - Level 10.0 Invocations


You had 14 spell levels left.
You knew the following spells:

 Your Spells              Type           Power      Damage    Failure   Level
a - Slow                  Hex            16%        N/A       24%         1

Your spell library contained the following spells:

 Spells                   Type           Power      Damage    Failure   Level
 Inner Flame              Hex/Fire       2%         N/A       71%         3
 Portal Projectile        Hex/Tloc       4%         N/A       71%         3
 Cause Fear               Hex            2%         N/A       93%         4

Inventory:

Hand Weapons
 Y - a +0 orcbow (weapon)
Armour
 e - a +2 pair of gloves (worn)
 g - the +3 ring mail of Cynicism (worn) {rPois rF- Will++ SInv}
   (You found it on level 5 of the Lair of Beasts)

   rF:        It makes you vulnerable to fire.
   rPois:     It protects you from poison.
   SInv:      It lets you see invisible.
   Will:      It greatly increases your willpower.
 j - the +4 ring mail of Hadjma {rPois Int+4}
   (You found it on level 3 of the Dungeon)

   Int:       It affects your intelligence (+4).
   rPois:     It protects you from poison.
 k - the +3 cloak of Vofrum Vogg (worn) {rC+ rN+ rCorr Stlth-}
   (Okawaru gifted it to you on level 3 of the Lair of Beasts)

   rC:        It protects you from cold.
   rN:        It protects you from negative energy.
   rCorr:     It protects you from acid and corrosion.
   Stlth:     It makes you less stealthy.
 n - a +0 pair of boots (worn)
 q - a +2 cloak of poison resistance
 t - a +0 troll leather armour
Jewellery
 d - the amulet of the Ancients (around neck) {Rampage rElec Regen+}
   (You acquired it on level 10 of the Dungeon)

   [amulet of regeneration]

   rElec:     It insulates you from electricity.
   Regen:     It increases your rate of health regeneration.
   Rampage:   It bestows one free step when moving towards enemies.
 f - the ring "Isiudis" (right hand) {rCorr Dex+6}
   (You found it on level 3 of the Lair of Beasts)

   [ring of dexterity]

   Dex:       It affects your dexterity (+6).
   rCorr:     It protects you from acid and corrosion.
 h - a +6 ring of dexterity (left hand)
Wands
 p - a wand of digging (3)
Scrolls
 a - 4 scrolls of identify
 b - a scroll of teleportation
Potions
 c - 11 potions of curing
 i - 2 potions of haste
 l - 3 potions of might
 m - a potion of resistance
 o - 2 potions of mutation
 r - a potion of magic
 s - a potion of enlightenment
 u - a potion of cancellation

Dungeon Overview and Level Annotations

Branches:
Dungeon (13/15)            Temple (1/1) D:7            Lair (5/5) D:8
  Swamp (0/4) Lair:3       Spider (0/4) Lair:2        Slime (0/5) Lair:4
    Orc (0/2) D:11
 Vaults: D:13-14

Altars:
Ashenzari
Cheibriados
Dithmenos
Elyvilon
Fedhas
Gozag
Hepliaklqana
Kikubaaqudgha
Makhleb
Nemelex Xobeh
Okawaru
Qazlal
Ru
Sif Muna
Trog
Uskayaw
Vehumet
Wu Jian
Xom
Yredelemnul
Zin
The Shining One
Jiyva

Shops:
D:4 =   D:6 (

Portals:
Hell: Lair:5
Trove: D:10 (show slimy rune of Zot)

Annotations:
D:10 3 runed translucent doors, qw's ghost, novice MiHs
D:11 2 runed translucent doors, Zouniz Rihu's ghost, novice DDFi
Lair:1 1 runed translucent door, qw's ghost, novice GrFi


Message History

You destroy the skeletal warrior!
Okawaru accepts your kill. The skeletal warrior misses you. x2
You shoot an arrow.
The arrow hits the skeletal warrior but does no damage.
The skeletal warrior is lightly damaged.
The skeletal warrior hits you with a +0 mace!
The skeletal warrior misses you.
The skeletal warrior completely misses you.
You shoot an arrow. The arrow hits the skeletal warrior!
The skeletal warrior is moderately damaged.
You shoot an arrow.
The arrow hits the skeletal warrior but does no damage.
The skeletal warrior is moderately damaged.
The skeletal warrior hits you from afar with a +0 trident.
The skeletal warrior completely misses you.
The skeletal warrior misses you.
You shoot an arrow.
The arrow hits the skeletal warrior but does no damage.
The skeletal warrior is moderately damaged.
The skeletal warrior completely misses you.
The skeletal warrior misses you.
The skeletal warrior hits you but does no damage.
You shoot an arrow. The arrow hits the skeletal warrior!
The skeletal warrior is heavily damaged.
The skeletal warrior completely misses you.
You furiously retaliate!
You headbutt the skeletal warrior!
The skeletal warrior hits you from afar with a +0 trident!
The skeletal warrior completely misses you.
18331 ||| READING 2 scrolls of teleportation.
As you read the scroll of teleportation, it crumbles to dust.
You feel strangely unstable. The skeletal warrior barely misses you.
You furiously retaliate!
You headbutt the skeletal warrior.
The skeletal warrior hits you from afar with a +0 trident! x2
You shoot an arrow.
The arrow hits the skeletal warrior but does no damage.
The skeletal warrior is severely damaged.
The skeletal warrior hits you from afar with a +0 trident!
You die...

### # #.# ##.
#.# ##... #.#
#....z### #.#
+.....z@## #.#
#..$.z##.####.##
##... ##.##8..#
#... ##.###'#
##. ##.##.# #.
##.#.# ###+##
+.#.## #.....
##.#.# ##...#
##.##.#


You could see 3 skeletal warriors.

Vanquished Creatures
  Erolcha (D:9)
  8 hydras
  2 boulder beetles
  3 catoblepae (Lair:3)
  3 two-headed ogres
  9 death yaks
  A tengu warrior (D:13)
  Urug (D:13)
  A sun demon (Lair:5)
  2 skeletal warriors (D:13)
  A wizard (Lair:5)
  An ugly thing (D:12)
  4 cyclopes
  16 elephants
  9 black mambas
  2 torpor snails
  A gargoyle (D:12)
  13 cane toads
  2 kobold demonologists (D:10)
  An unseen horror (D:13)
  An orange demon (Lair:5)
  12 komodo dragons
  3 ice devils (Lair:5)
  5 rime drakes
  A tengu conjurer (D:13)
  A red devil (Lair:5)
  3 trolls
  A hellwing (Lair:5)
  A meliai (D:13)
  4 polar bears
  3 hornets
  A tyrant leech (Lair:3)
  2 dream sheep (Lair:3)
  32 blink frogs
  2 vampires
  A centaur simulacrum (D:10)
  8 slime creatures (D:12)
  A shadow (D:11)
  2 spriggans (Lair:2)
  5 wyverns
  A wraith (D:11)
  45 yaks
  8 basilisks
  2 vampire mosquitoes (D:10)
  Eustachio (D:4)
  A steam dragon (Lair:1)
  4 wargs (D:11)
  2 swamp worms (Lair:3)
  An acid dragon (D:10)
  17 water moccasins
  5 hell hounds (Lair:5)
  A meliai simulacrum (D:10)
  2 ice beasts (D:10)
  A sky beast (D:6)
  An ogre (D:5)
  3 black bears
  5 orc warriors
  A centaur (D:12)
  16 wolves
  A phantom (D:6)
  A kobold brigand (D:10)
  11 bullfrogs
  A gnoll sergeant (D:10)
  A scorpion (D:7)
  6 wights
  6 killer bees (D:9)
  2 howler monkeys
  3 electric eels
  3 hounds
  4 jellies
  5 orc priests
  3 gnoll boudas
  A sleepcap (D:6)
  5 iguanas
  16 orc wizards
  12 hell rats
  3 adders
  24 gnolls
  A river rat (D:8)
  5 white imps
  2 ufetubi (D:10)
  3 dart slugs
  33 orcs
  4 ball pythons
  9 endoplasms
  4 giant cockroaches
  5 goblins
  9 hobgoblins
  3 jackals (D:3)
  18 kobolds
  5 quokkas
  3 bats
  5 frilled lizards
  6 rats
510 creatures vanquished.

Notes
Turn   | Place    | Note
-------+----------+-------------------------------------------
     0 | D:1      | qw the Minotaur Hexslinger began the quest for the Orb.
     0 | D:1      | Reached XP level 1. HP: 16/16 MP: 1/1
     0 | D:1      | 0 ||| qw: Version: 0.3-a-52-g30416fa
     0 | D:1      | 0 ||| qw: Game counter: 5633
     0 | D:1      | 0 ||| qw: Melee chars always use a shield: true
     0 | D:1      | 0 ||| qw: God list: Okawaru
     0 | D:1      | 0 ||| qw: Allow faded altars: false
     0 | D:1      | 0 ||| qw: Do Orc after clearing Dungeon:15 true
     0 | D:1      | 0 ||| qw: Do second Lair branch before Depths: true
     0 | D:1      | 0 ||| qw: Lair rune preference: random
     0 | D:1      | 0 ||| qw: Goals: Normal
     0 | D:1      | 0 ||| PLANNING D:1-11
    60 | D:1      | Reached skill level 3 in Ranged Weapons
   154 | D:1      | Reached XP level 2. HP: 23/23 MP: 2/2
   463 | D:1      | Reached XP level 3. HP: 29/29 MP: 3/3
   538 | D:1      | 538 ||| UPGRADING to +2 pair of gloves.
   543 | D:1      | 543 ||| UPGRADING to +0 leather armour.
   553 | D:1      | 553 ||| DROPPING +0 robe.
   554 | D:1      | 554 ||| UPGRADING to ring of protection from fire.
   555 | D:1      | 555 ||| READING scroll labelled QEMINO RYOGE.
   556 | D:1      | 556 ||| DROPPING scroll of poison.
   956 | D:2      | Reached XP level 4. HP: 36/36 MP: 4/4
  1275 | D:2      | 1275 ||| READING 2 scrolls labelled MIOPHEAGEL.
  1276 | D:2      | 1276 ||| READING 2 scrolls labelled ISIXZO AXOKOSSI.
  1281 | D:2      | 1281 ||| READING scroll labelled YCHUITE DORERA.
  1282 | D:2      | 1282 ||| DRINKING 2 sedimented brown potions.
  1386 | D:3      | Identified the +4 ring mail of Hadjma {rPois Int+4}
  1815 | D:3      | Found a glowing golden altar of the Shining One.
  1912 | D:3      | 1912 ||| UPGRADING to +4 ring mail of Hadjma {rPois Int+4}.
  1922 | D:3      | 1922 ||| DROPPING +0 leather armour.
  1923 | D:3      | 1923 ||| READING scroll labelled QUCKOI CUZXU.
  1924 | D:3      | 1924 ||| DRINKING 2 murky dark potions.
  1925 | D:3      | 1925 ||| DROPPING potion of degeneration.
  1956 | D:4      | Reached skill level 1 in Armour
  1960 | D:4      | 1960 ||| STAIRDANCE
  1968 | D:3      | Reached XP level 5. HP: 19/44 MP: 5/5
  2065 | D:4      | Reached skill level 3 in Fighting
  2132 | D:4      | You fall into a shaft and drop 2 floors!
  2132 | D:6      | Found an ornate altar of the Wu Jian Council.
  2152 | D:6      | Reached skill level 6 in Ranged Weapons
  2167 | D:6      | Reached XP level 6. HP: 51/51 MP: 6/6
  2167 | D:6      | 2167 ||| Stepping ~*~*~tactically~*~*~ (outnumbered).
  2172 | D:6      | 2172 ||| Stepping ~*~*~tactically~*~*~ (outnumbered).
  2188 | D:5      | Entered Level 5 of the Dungeon
  2333 | D:4      | Noticed Eustachio
  2346 | D:4      | Killed Eustachio
  2347 | D:4      | Reached XP level 7. HP: 19/59 MP: 7/7
  2540 | D:4      | Found Keibriod's Jewellery Shop.
  2549 | D:4      | 2549 ||| SHOPLISTING +4 ring of protection (504 gold, have
                  | 252).
  2549 | D:4      | 2549 ||| SHOPLISTING +6 ring of strength (504 gold, have
                  | 252).
  2549 | D:4      | 2549 ||| SHOPLISTING amulet of reflection (420 gold, have
                  | 252).
  2549 | D:4      | 2549 ||| SHOPLISTING amulet of regeneration (420 gold, have
                  | 252).
  2549 | D:4      | 2549 ||| SHOPLISTING ring "Juolitick" {rPois Int+2} (436
                  | gold, have 252).
  2549 | D:4      | 2549 ||| SHOPLISTING ring of positive energy (280 gold,
                  | have 252).
  2549 | D:4      | 2549 ||| SHOPLISTING ring of resist corrosion (280 gold,
                  | have 252).
  2563 | D:4      | Found an opulent altar of Gozag.
  3110 | D:4      | 3110 ||| READING scroll labelled QECKYNU QOCH.
  3111 | D:4      | 3111 ||| READING scroll labelled NUCZYOX GOGOP.
  3112 | D:4      | 3112 ||| READING scroll labelled EDEGHE ULUKUCK.
  3113 | D:4      | 3113 ||| READING scroll labelled XUD NIYFEOL.
  3114 | D:4      | 3114 ||| READING scroll labelled HAILIPI ATIQAG.
  3115 | D:4      | 3115 ||| DRINKING 2 golden potions.
  3133 | D:4      | 3133 ||| DRINKING 2 clear potions.
  3134 | D:4      | 3134 ||| DRINKING 2 viscous sapphire potions.
  3134 | D:4      | Gained mutation: You are partially covered in iridescent
                  | scales. (AC +2) [potion of mutation]
  3134 | D:4      | Gained mutation: Your mind is acute. (Int +4, Str/Dex -1)
                  | [potion of mutation]
  3134 | D:4      | Gained mutation: You are frail. (-10% HP) [potion of
                  | mutation]
  3134 | D:4      | Gained mutation: You are strong-willed. (Will+) [potion of
                  | mutation]
  3135 | D:4      | 3135 ||| DRINKING potion of mutation.
  3135 | D:4      | Lost mutation: You are partially covered in iridescent
                  | scales. (AC +2) [potion of mutation]
  3135 | D:4      | Lost mutation: Your mind is acute. (Int +4, Str/Dex -1)
                  | [potion of mutation]
  3135 | D:4      | Gained mutation: Your spells are a little harder to cast,
                  | but a little more powerful. [potion of mutation]
  3135 | D:4      | Gained mutation: You are dopey. (Int -2) [potion of
                  | mutation]
  3135 | D:4      | Gained mutation: You have large cloven feet. [potion of
                  | mutation]
  3135 | D:4      | Lost mutation: You are dopey. (Int -2) [potion of mutation]
  3136 | D:4      | 3136 ||| DROPPING potion of lignification.
  3249 | D:5      | 3249 ||| FLEEEEING.
  3381 | D:5      | Found a shimmering blue altar of Sif Muna.
  3472 | D:5      | Found a shimmering altar of Xom.
  3472 | D:5      | Found an ancient bone altar of Kikubaaqudgha.
  4212 | D:5      | 4212 ||| UPGRADING to +5 ring of evasion.
  4213 | D:5      | 4213 ||| UPGRADING to ring of see invisible.
  4215 | D:5      | 4215 ||| READING scroll labelled XOQIUS JOCZAUR.
  4216 | D:5      | 4216 ||| READING scroll labelled XEGUIFOUWU.
  4217 | D:5      | 4217 ||| READING 2 scrolls of identify.
  4217 | D:5      | 4217 ||| IDENTIFYING sapphire potion
  4385 | D:6      | Reached skill level 9 in Ranged Weapons
  4385 | D:6      | Reached XP level 8. HP: 61/61 MP: 8/8
  4410 | D:6      | Reached skill level 6 in Fighting
  4456 | D:6      | Reached skill level 3 in Dodging
  4489 | D:6      | 4489 ||| Stepping ~*~*~tactically~*~*~ (outnumbered).
  4616 | D:6      | Found Mimyvval's Weapon Boutique.
  4789 | D:6      | 4789 ||| UPGRADING to +6 ring of dexterity.
  4791 | D:6      | 4791 ||| DROPPING ring of see invisible.
  4803 | D:7      | Noticed a hornet
  4813 | D:7      | 4813 ||| STAIRDANCE
  4821 | D:6      | Killed a hornet
  4930 | D:7      | 4930 ||| STAIRDANCE
  5024 | D:7      | 5024 ||| STAIRDANCE
  5459 | D:7      | Noticed a troll
  5471 | D:7      | HP: 11/65 [troll (9)]
  5472 | D:7      | 5472 ||| READING 4 scrolls of teleportation.
  5476 | D:7      | Killed a troll
  5477 | D:7      | Reached XP level 9. HP: 10/71 MP: 9/9
  5763 | D:7      | Found a staircase to the Ecumenical Temple.
  5764 | D:7      | 5764 ||| PLANNING TEMPLE
  5764 | D:7      | 5764 ||| UPGRADING to +0 pair of boots.
  5769 | D:7      | 5769 ||| DROPPING +6 ring of intelligence.
  5770 | D:7      | 5770 ||| READING 5 scrolls of identify.
  5770 | D:7      | 5770 ||| IDENTIFYING smoky yellow potion
  5771 | D:7      | 5771 ||| READING 4 scrolls of identify.
  5771 | D:7      | 5771 ||| IDENTIFYING purple potion
  5779 | Temple   | Entered the Ecumenical Temple
  5802 | Temple   | 5802 ||| PLANNING OKAWARU WORSHIP
  5908 | Temple   | Became a worshipper of Warmaster Okawaru
  5909 | Temple   | 5909 ||| PLANNING D:1-11
  6096 | D:8      | Noticed a two-headed ogre
  6106 | D:8      | Killed a two-headed ogre
  6106 | D:8      | Reached * piety under Okawaru
  6107 | D:8      | Reached skill level 6 in Armour
  6181 | D:8      | Reached skill level 1 in Invocations
  6293 | D:8      | Noticed a death yak
  6293 | D:8      | Noticed a death yak
  6294 | D:8      | 6294 ||| INVOKING Heroism.
  6300 | D:8      | Noticed a death yak
  6319 | D:8      | Killed a death yak
  6319 | D:8      | HP: 13/70 [white imp/puff of frost (5)]
  6320 | D:8      | 6320 ||| READING 4 scrolls of teleportation.
  6321 | D:8      | 6321 ||| DRINKING 3 potions of heal wounds.
  6322 | D:8      | 6322 ||| INVOKING Heroism.
  6356 | D:8      | 6356 ||| INVOKING Heroism.
  6486 | D:8      | 6486 ||| INVOKING Heroism.
  6513 | D:8      | Killed a death yak
  6513 | D:8      | Reached ** piety under Okawaru
  6514 | D:8      | Reached XP level 10. HP: 50/77 MP: 12/12
  6518 | D:8      | 6518 ||| INVOKING Heroism.
  6521 | D:8      | Killed a death yak
  6522 | D:8      | Reached skill level 12 in Ranged Weapons
  6545 | D:8      | 6545 ||| FLEEEEING.
  6546 | D:8      | 6546 ||| FLEEEEING.
  6551 | D:8      | 6551 ||| FLEEEEING.
  6552 | D:8      | 6552 ||| FLEEEEING.
  6553 | D:8      | 6553 ||| FLEEEEING.
  6554 | D:8      | 6554 ||| FLEEEEING.
  6555 | D:8      | 6555 ||| FLEEEEING.
  6556 | D:8      | 6556 ||| FLEEEEING.
  6557 | D:8      | 6557 ||| FLEEEEING.
  6558 | D:8      | 6558 ||| FLEEEEING.
  6559 | D:8      | 6559 ||| FLEEEEING.
  6560 | D:8      | 6560 ||| FLEEEEING.
  6561 | D:8      | 6561 ||| FLEEEEING.
  6567 | D:8      | 6567 ||| FLEEEEING.
  6568 | D:8      | 6568 ||| FLEEEEING.
  6573 | D:8      | 6573 ||| FLEEEEING.
  6574 | D:8      | 6574 ||| FLEEEEING.
  6575 | D:8      | 6575 ||| FLEEEEING.
  6576 | D:8      | 6576 ||| FLEEEEING.
  6577 | D:8      | 6577 ||| FLEEEEING.
  6578 | D:8      | 6578 ||| FLEEEEING.
  6579 | D:8      | 6579 ||| FLEEEEING.
  6585 | D:8      | 6585 ||| FLEEEEING.
  6586 | D:8      | 6586 ||| FLEEEEING.
  6587 | D:8      | 6587 ||| FLEEEEING.
  6588 | D:8      | 6588 ||| FLEEEEING.
  6589 | D:8      | 6589 ||| FLEEEEING.
  6590 | D:8      | 6590 ||| FLEEEEING.
  6591 | D:8      | 6591 ||| FLEEEEING.
  6703 | D:8      | Found a staircase to the Lair.
  6881 | D:8      | 6881 ||| Stepping ~*~*~tactically~*~*~ (water).
  6896 | D:8      | 6896 ||| PLANNING LAIR
  6896 | D:8      | 6896 ||| DRINKING 2 amethyst potions.
  6897 | D:8      | 6897 ||| READING 4 scrolls of identify.
  6897 | D:8      | 6897 ||| IDENTIFYING ruby potion
  6898 | D:8      | 6898 ||| READING 3 scrolls of identify.
  6898 | D:8      | 6898 ||| IDENTIFYING red potion
  6899 | D:8      | 6899 ||| READING 2 scrolls of identify.
  6899 | D:8      | 6899 ||| IDENTIFYING sedimented purple potion
  6900 | D:8      | 6900 ||| DROPPING potion of brilliance.
  6943 | Lair:1   | Entered Level 1 of the Lair of Beasts
  6952 | Lair:1   | 6952 ||| STAIRDANCE
  6986 | Lair:1   | Reached skill level 6 in Dodging
  6986 | Lair:1   | 6986 ||| STAIRDANCE
  7093 | Lair:1   | Reached *** piety under Okawaru
  7094 | Lair:1   | Reached skill level 9 in Fighting
  7125 | Lair:1   | Noticed a cane toad
  7126 | Lair:1   | 7126 ||| INVOKING Heroism.
  7130 | Lair:1   | Killed a cane toad
  7333 | Lair:1   | Found a runed translucent door.
  7334 | Lair:1   | Noticed qw's ghost (novice GrFi)
  7351 | Lair:1   | 7351 ||| INVOKING Heroism.
  7380 | Lair:1   | 7380 ||| INVOKING Heroism.
  7389 | Lair:1   | Reached XP level 11. HP: 63/87 MP: 10/13
  7413 | Lair:1   | 7413 ||| INVOKING Heroism.
  7439 | Lair:1   | 7439 ||| INVOKING Heroism.
  7608 | Lair:1   | Reached **** piety under Okawaru
  7709 | Lair:1   | 7709 ||| INVOKING Heroism.
  8262 | Lair:2   | 8262 ||| INVOKING Heroism.
  8289 | Lair:2   | 8289 ||| INVOKING Heroism.
  8307 | Lair:2   | 8307 ||| INVOKING Heroism.
  8334 | Lair:2   | Reached skill level 6 in Invocations
  8338 | Lair:2   | Received a gift from Okawaru
  8341 | Lair:2   | 8341 ||| INVOKING Heroism.
  8384 | Lair:2   | 8384 ||| INVOKING Heroism.
  8424 | Lair:2   | 8424 ||| INVOKING Heroism.
  8521 | Lair:2   | Identified the +6 falchion of Massacring {freeze, rC+}
  8528 | Lair:2   | 8528 ||| SWAPPING to +0 orcbow.
  8529 | Lair:2   | 8529 ||| DROPPING +2 sling of draining.
  8618 | Lair:2   | 8618 ||| INVOKING Heroism.
  8677 | Lair:2   | Found a hole to the Spider Nest.
  8722 | Lair:2   | 8722 ||| UPGRADING to +2 cloak of poison resistance.
  8754 | Lair:2   | 8754 ||| INVOKING Heroism.
  9045 | Lair:2   | 9045 ||| INVOKING Heroism.
  9059 | Lair:2   | Reached XP level 12. HP: 83/99 MP: 14/16
  9219 | Lair:2   | 9219 ||| READING scroll labelled SUXESUMUENIW.
  9220 | Lair:2   | 9220 ||| READING 4 scrolls of identify.
  9220 | Lair:2   | 9220 ||| IDENTIFYING fizzy coppery potion
  9221 | Lair:2   | 9221 ||| DROPPING potion of attraction.
  9347 | Lair:3   | Found a staircase to the Swamp.
  9349 | Lair:3   | 9349 ||| INVOKING Heroism.
  9684 | Lair:3   | Noticed a catoblepas
  9685 | Lair:3   | 9685 ||| INVOKING Heroism.
  9709 | Lair:3   | HP: 24/99 [elephant (3)]
  9710 | Lair:3   | 9710 ||| READING 4 scrolls of teleportation.
  9711 | Lair:3   | 9711 ||| DRINKING 2 potions of heal wounds.
  9713 | Lair:3   | Killed a catoblepas
  9713 | Lair:3   | Noticed a seven-headed hydra
  9714 | Lair:3   | 9714 ||| DRINKING potion of cancellation.
  9716 | Lair:3   | HP: 16/99 [seven-headed hydra (12)]
  9717 | Lair:3   | 9717 ||| READING 3 scrolls of teleportation.
  9718 | Lair:3   | 9718 ||| DRINKING potion of heal wounds.
  9720 | Lair:3   | Killed a seven-headed hydra
 10129 | Lair:3   | Reached skill level 15 in Ranged Weapons
 10368 | Lair:4   | 10368 ||| INVOKING Heroism.
 10416 | Lair:4   | 10416 ||| INVOKING Heroism.
 10550 | Lair:4   | 10550 ||| INVOKING Heroism.
 10805 | Lair:4   | Noticed an eight-headed hydra
 10806 | Lair:4   | 10806 ||| INVOKING Heroism.
 10816 | Lair:4   | Killed an eight-headed hydra
 10817 | Lair:4   | Reached skill level 9 in Invocations
 11206 | Lair:3   | Noticed a death yak
 11207 | Lair:3   | 11207 ||| INVOKING Heroism.
 11223 | Lair:3   | Killed a death yak
 11230 | Lair:3   | Reached ***** piety under Okawaru
 11327 | Lair:3   | 11327 ||| INVOKING Heroism.
 11467 | Lair:3   | Received a gift from Okawaru
 11476 | Lair:3   | Noticed a catoblepas
 11477 | Lair:3   | 11477 ||| INVOKING Heroism.
 11495 | Lair:3   | 11495 ||| INVOKING Finesse.
 11500 | Lair:3   | 11500 ||| Stepping ~*~*~tactically~*~*~ (cloud).
 11501 | Lair:3   | 11501 ||| Stepping ~*~*~tactically~*~*~ (cloud).
 11502 | Lair:3   | 11502 ||| Stepping ~*~*~tactically~*~*~ (cloud).
 11506 | Lair:3   | 11506 ||| Stepping ~*~*~tactically~*~*~ (cloud).
 11513 | Lair:3   | Killed a catoblepas
 11528 | Lair:3   | Reached skill level 9 in Dodging
 11545 | Lair:3   | Noticed a seven-headed hydra
 11551 | Lair:3   | Killed a seven-headed hydra
 11558 | Lair:3   | Reached XP level 13. HP: 104/104 MP: 19/19
 11573 | Lair:3   | 11573 ||| INVOKING Heroism.
 11574 | Lair:3   | 11574 ||| INVOKING Finesse.
 11624 | Lair:3   | Identified the +3 cloak of Vofrum Vogg {rC+ rN+ rCorr
                  | Stlth-} (Okawaru gifted it to you on level 3 of the Lair of
                  | Beasts)
 11624 | Lair:3   | Received a gift from Okawaru
 11720 | Lair:3   | 11720 ||| INVOKING Heroism.
 11894 | Lair:3   | 11894 ||| INVOKING Heroism.
 11895 | Lair:3   | 11895 ||| INVOKING Finesse.
 11906 | Lair:3   | Reached skill level 12 in Fighting
 11916 | Lair:3   | 11916 ||| Stepping ~*~*~tactically~*~*~ (cloud).
 11919 | Lair:3   | 11919 ||| DRINKING potion of cancellation.
 11923 | Lair:3   | 11923 ||| Stepping ~*~*~tactically~*~*~ (cloud).
 11945 | Lair:3   | 11945 ||| INVOKING Finesse.
 11946 | Lair:3   | 11946 ||| INVOKING Heroism.
 12179 | Lair:3   | Identified the ring "Isiudis" {rCorr Dex+6}
 12442 | Lair:3   | 12442 ||| INVOKING Heroism.
 12540 | Lair:3   | 12540 ||| INVOKING Heroism.
 12684 | Lair:3   | 12684 ||| UPGRADING to +3 cloak of Vofrum Vogg {rC+ rN+
                  | rCorr Stlth-}.
 12694 | Lair:3   | 12694 ||| UPGRADING to ring "Isiudis" {rCorr Dex+6}.
 12696 | Lair:3   | 12696 ||| DROPPING ring of protection from fire.
 12697 | Lair:3   | 12697 ||| DROPPING +5 ring of evasion.
 12844 | Lair:4   | Found a staircase to the Slime Pits.
 12844 | Lair:4   | Found a viscous altar of Jiyva.
 12861 | Lair:4   | 12861 ||| INVOKING Heroism.
 13148 | Lair:5   | Entered Level 5 of the Lair of Beasts
 13166 | Lair:5   | 13166 ||| INVOKING Heroism.
 13241 | Lair:5   | 13241 ||| INVOKING Heroism.
 13342 | Lair:5   | 13342 ||| INVOKING Heroism.
 13449 | Lair:5   | 13449 ||| INVOKING Heroism.
 13465 | Lair:5   | Reached skill level 12 in Dodging
 13512 | Lair:5   | 13512 ||| DRINKING potion of mutation.
 13512 | Lair:5   | Lost mutation: Your spells are a little harder to cast, but
                  | a little more powerful. [potion of mutation]
 13512 | Lair:5   | Lost mutation: You are strong-willed. (Will+) [potion of
                  | mutation]
 13512 | Lair:5   | Lost mutation: You have large cloven feet. [potion of
                  | mutation]
 13512 | Lair:5   | Gained mutation: Your system is resistant to poisons.
                  | (rPois) [potion of mutation]
 13624 | Lair:5   | 13624 ||| INVOKING Heroism.
 13639 | Lair:5   | 13639 ||| Stepping ~*~*~tactically~*~*~ (outnumbered).
 13643 | Lair:5   | 13643 ||| Stepping ~*~*~tactically~*~*~ (outnumbered).
 13725 | Lair:5   | 13725 ||| Stepping ~*~*~tactically~*~*~ (outnumbered).
 13741 | Lair:5   | 13741 ||| FLEEEEING.
 13752 | Lair:5   | 13752 ||| INVOKING Heroism.
 13773 | Lair:5   | 13773 ||| INVOKING Heroism.
 13923 | Lair:5   | Identified the +3 ring mail of Cynicism {rPois rF- Will++
                  | SInv}
 14078 | Lair:5   | 14078 ||| INVOKING Heroism.
 14172 | Lair:5   | 14172 ||| INVOKING Heroism.
 14175 | Lair:5   | Reached XP level 14. HP: 118/118 MP: 17/20
 14233 | Lair:5   | Reached skill level 9 in Armour
 14401 | Lair:5   | 14401 ||| INVOKING Heroism.
 14477 | Lair:5   | Found a burning altar of Makhleb.
 14478 | Lair:5   | 14478 ||| INVOKING Heroism.
 14492 | Lair:5   | Reached skill level 15 in Fighting
 14497 | Lair:5   | 14497 ||| Stepping ~*~*~tactically~*~*~ (outnumbered).
 14499 | Lair:5   | 14499 ||| Stepping ~*~*~tactically~*~*~ (outnumbered).
 14507 | Lair:5   | 14507 ||| Stepping ~*~*~tactically~*~*~ (outnumbered).
 14529 | Lair:5   | 14529 ||| INVOKING Heroism.
 14676 | Lair:5   | Found a gateway to Hell.
 14846 | Lair:5   | 14846 ||| DRINKING 2 potions of mutation.
 14846 | Lair:5   | Lost mutation: You are frail. (-10% HP) [potion of
                  | mutation]
 14846 | Lair:5   | Lost mutation: Your system is resistant to poisons. (rPois)
                  | [potion of mutation]
 14846 | Lair:5   | Gained mutation: Your muscles are strong. (Str +4, Int/Dex
                  | -1) [potion of mutation]
 14972 | Lair:5   | 14972 ||| PLANNING D:1-11
 14972 | Lair:5   | 14972 ||| UPGRADING to +3 ring mail of Cynicism {rPois rF-
                  | Will++ SInv}.
 15228 | D:9      | 15228 ||| Stepping ~*~*~tactically~*~*~ (outnumbered).
 15315 | D:9      | Found a basalt altar of Yredelemnul.
 15433 | D:9      | Noticed Erolcha
 15434 | D:9      | 15434 ||| INVOKING Heroism.
 15438 | D:9      | Killed Erolcha
 16066 | D:9      | 16066 ||| READING 6 scrolls of identify.
 16066 | D:9      | 16066 ||| IDENTIFYING fizzy purple potion
 16067 | D:9      | 16067 ||| DROPPING potion of ambrosia.
 16084 | D:10     | Entered Level 10 of the Dungeon
 16087 | D:10     | 16087 ||| Stepping ~*~*~tactically~*~*~ (outnumbered).
 16115 | D:10     | 16115 ||| FLEEEEING.
 16116 | D:10     | 16116 ||| FLEEEEING.
 16117 | D:10     | 16117 ||| STAIRDANCE
 16148 | D:10     | 16148 ||| STAIRDANCE
 16318 | D:10     | 16318 ||| INVOKING Heroism.
 16408 | D:10     | Found a runed translucent gate.
 16408 | D:10     | Found a runed translucent gate.
 16408 | D:10     | Found an opulent altar of Gozag.
 16408 | D:10     | Found a runed translucent gate.
 16410 | D:10     | Noticed qw's ghost (novice MiHs)
 16466 | D:10     | 16466 ||| FLEEEEING.
 16543 | D:10     | Found a bloodstained altar of Trog.
 16605 | D:10     | Found a portal to a secret trove of treasure.
 16714 | D:10     | 16714 ||| INVOKING Heroism.
 16829 | D:10     | 16829 ||| READING scroll labelled LIAMMU VOWUOB.
 16829 | D:10     | Identified a scroll of acquirement
 16829 | D:10     | 16829 ||| ACQUIRING amulet of the Ancients {Rampage rElec
                  | Regen+}
 16829 | D:10     | Acquired the amulet of the Ancients {Rampage rElec Regen+}
 16831 | D:10     | 16831 ||| UPGRADING to amulet of the Ancients {Rampage
                  | rElec Regen+}.
 16945 | D:11     | Found a large runed translucent door.
 16946 | D:11     | Found a large runed translucent door.
 16950 | D:11     | Noticed Zouniz Rihu's ghost (novice DDFi)
 17000 | D:11     | 17000 ||| Stepping ~*~*~tactically~*~*~ (outnumbered).
 17084 | D:11     | Found a staircase to the Orcish Mines.
 17355 | D:11     | Found a blossoming altar of Fedhas.
 17438 | D:11     | 17438 ||| PLANNING D
 17438 | D:11     | 17438 ||| DROPPING ring of willpower.
 17439 | D:11     | 17439 ||| READING 5 scrolls of identify.
 17439 | D:11     | 17439 ||| IDENTIFYING fizzy golden potion
 17440 | D:11     | 17440 ||| DROPPING potion of berserk rage.
 18039 | D:12     | Identified the +9 flail "Ruixikh" {drain, *Noise rC++ rN+
                  | SInv}
 18134 | D:13     | Noticed Urug
 18135 | D:13     | 18135 ||| Stepping ~*~*~tactically~*~*~ (outnumbered).
 18137 | D:13     | 18137 ||| Stepping ~*~*~tactically~*~*~ (outnumbered).
 18139 | D:13     | 18139 ||| Stepping ~*~*~tactically~*~*~ (outnumbered).
 18140 | D:13     | 18140 ||| INVOKING Heroism.
 18141 | D:13     | 18141 ||| INVOKING Finesse.
 18152 | D:13     | Killed Urug
 18215 | D:13     | 18215 ||| INVOKING Heroism.
 18216 | D:13     | 18216 ||| INVOKING Finesse.
 18272 | D:13     | 18272 ||| INVOKING Heroism.
 18306 | D:13     | 18306 ||| INVOKING Heroism.
 18330 | D:13     | HP: 34/137 [skeletal warrior/+0 trident (10)]
 18331 | D:13     | 18331 ||| READING 2 scrolls of teleportation.
 18331 | D:13     | HP: 7/137 [skeletal warrior/+0 trident (15)]
 18332 | D:13     | Mangled by a skeletal warrior

Levels and vault maps discovered:
D:1:      noname_arrival_rooms_in_the_neighbourhood, layout_basic
D:2:      layout_basic, minmay_misc_feat_ornament, roderic_lattice_a
D:3:      layout_loops_cross, tso_metal_star, minmay_pentomino_pile
D:4:      layout_loops_ring, nicolae_gozag_seed_capital, serial_shops, shop,
          uniq_eustachio
D:5:      layout_loops_corners, mainiacjoe_overflow_divided_tiny,
          mainiacjoe_overflow_surrounded_room, serial_bayou,
          serial_bayou_pond_b, serial_bayou_lagoon_a, serial_bayou_shore_b,
          serial_bayou_pond_a
D:6:      layout_rooms, mainiacjoe_overflow_alcove_1, serial_shops, shop,
          hex_tiny
D:7:      layout_loops_ring, temple_statues
D:8:      layout_basic, dpeg_lair_monsters, enter_bailey_4
D:9:      layout_loops_cross, mainiacjoe_overflow_24_doors, minmay_orc_keep,
          uniq_erolcha
D:10:     layout_basic, nicolae_overflow_crystal_walls, enter_trove_2,
          ebering_ghost_gozag, serial_ice, serial_ice_f, serial_ice_i,
          serial_ice_e, serial_ice_g, serial_ice_n, serial_ice_a
D:11:     layout_roguey, minmay_orc_entry_guard_dogs,
          ebering_ghost_disaster_area, fedhas_ov_isle_minmay
D:12:     layout_loops_ring
D:13:     wad_arrow_thing, layout_irregular_city, serial_shops,
          nicolae_stop_n_shop_2, kennysheep_flooded_box, uniq_urug
Temple:   nicolae_temple_superstar
Lair:1:   layout_gridlike, ebering_ghost_reflecting_pool
Lair:2:   layout_gridlike, dummy_spider_entry, forest_entry_grove,
          grunt_megastairs_2
Lair:3:   nzn_winding_woodlands_huge [nzn_winding_woodlands_5x15_concentric,
          nzn_winding_woodlands_5x15_pathside_ponds,
          nzn_winding_woodlands_5x15_river_crossing,
          nzn_winding_woodlands_5x15_default,
          nzn_winding_woodlands_5x15_default,
          nzn_winding_woodlands_5x15_sawtooth, nzn_winding_woodlands_5x15_eye,
          nzn_winding_woodlands_5x15_default, nzn_winding_woodlands_5x15_cabin,
          nzn_winding_woodlands_5x15_jagged,
          nzn_winding_woodlands_center_triple_pond,
          nzn_winding_woodlands_center_diamonds,
          nzn_winding_woodlands_15x15_thick_spiral], layout_cave_pods,
          minmay_swamp_entry_worms, lemuel_fruit_tree
Lair:4:   layout_hall_layers, slime_entry_1, chequers_serial_rivers_micro_a,
          grunt_megastairs_4
Lair:5:   evil_forest, layout_regular_city, pdpol_lair_cavern_descent,
          grunt_megastairs_1

Skill      XL: |  1  2  3  4  5  6  7  8  9 10 11 12 13 14 |
---------------+-------------------------------------------+-----
Ranged Weapons | 3 4 5 6 7 9 10 11 13 14 16 | 16.0
Fighting       | 2 3 4 5 7 9 11 14 16 | 16.0
Armour         | 1 2 6 8 10 | 10.0
Dodging        | 4 5 6 8 9 12 14 | 14.0
Invocations    | 4 7 10 | 10.0
Spellcasting   | |  1.0
Hexes          | |  2.0

Action                     |  1- 3 |  4- 6 |  7- 9 | 10-12 | 13-15 || total
---------------------------+-------+-------+-------+-------+-------++-------
   Fire: Sling             |   101 |   139 |   381 |   315 |       ||   936
         Orcbow            |       |       |       |   374 |  1149 ||  1523
 Invoke: Heroism           |       |       |     4 |    25 |    26 ||    55
         Finesse           |       |       |       |     1 |     5 ||     6
    Use: Scroll            |     1 |     4 |    12 |     7 |     4 ||    28
         Potion            |       |     2 |     5 |     4 |     3 ||    14
 Armour: Robe              |     2 |       |       |       |       ||     2
         Leather armour    |       |    12 |       |       |       ||    12
         Ring mail         |       |    20 |    94 |   119 |   146 ||   379
  Dodge: Dodged            |    22 |    38 |   255 |   452 |   634 ||  1401

Table legend:
 A = Non-vault XP
 B = Vault XP
 C = Vault XP percentage of total XP
 D = Non-vault monster count
 E = Vault monster count
 F = Vault count percentage of total count
                 A         B        C        D         E       F
            +---------+---------+-------+---------+---------+-------
      Total |   54025 |   44076 |  44.9 |     353 |     157 |  30.8
            +---------+---------+-------+---------+---------+-------
        D:1 |      54 |       0 |   0.0 |      24 |       0 |   0.0
        D:2 |      52 |       0 |   0.0 |      21 |       0 |   0.0
        D:3 |      55 |      10 |  15.4 |      16 |       6 |  27.3
        D:4 |      85 |     188 |  68.9 |       7 |       1 |  12.5
        D:5 |     511 |      42 |   7.6 |      20 |       1 |   4.8
        D:6 |    1280 |       0 |   0.0 |      27 |       0 |   0.0
        D:7 |     798 |       0 |   0.0 |       8 |       0 |   0.0
        D:8 |    2194 |    2562 |  53.9 |      21 |      16 |  43.2
        D:9 |    3287 |    1132 |  25.6 |      30 |      10 |  25.0
       D:10 |    2629 |    1458 |  35.7 |      25 |      13 |  34.2
       D:11 |    2872 |     650 |  18.5 |      11 |       4 |  26.7
       D:12 |    3959 |       0 |   0.0 |      14 |       0 |   0.0
       D:13 |    1915 |    3544 |  64.9 |       3 |       6 |  66.7
     Lair:1 |    6884 |       0 |   0.0 |      29 |       0 |   0.0
     Lair:2 |    3472 |    3977 |  53.4 |      12 |      13 |  52.0
     Lair:3 |    6000 |   15897 |  72.6 |      18 |      38 |  67.9
     Lair:4 |    6659 |    1439 |  17.8 |      28 |       7 |  20.0
     Lair:5 |   11319 |   13177 |  53.8 |      39 |      42 |  51.9
            +---------+---------+-------+---------+---------+-------
